AoeStats
← pelikanecho314

Fortress

509662999Analyzed
4v4 RM · 4d ago on Sep 27, 2026· 50m 28s· 8 players
Game mode
Random Map
Map size
Huge
Population
200
Speed
Normal
Resources
Standard
Victory
Conquest
Starting age
Dark Age
Ending age
Imperial Age
RankedLock teamsTeams togetherTeam positionsShared explorationLock speedFull tech treeHidden civsTurbo modeCheats
Victory
Defeat
🇨🇭 Burgundians · Switzerland
878
+14
🇬🇧 Varangians · United Kingdom
857
+15
🇦🇷 Huns · Argentina
840
+16
🇫🇷 Vikings · France
840
+16
🇹🇳 Koreans · Tunisia
908
-17
🇹🇳 Huns · Tunisia
878
-17
🇨🇳 Celts · China
810
-14
🇺🇸 Spanish · United States
770
-13
GingerTom
0:36 Loom
0:40 Loom
6:32 Feudal Age
8:05 Horse Collar
8:13 Double-Bit Axe
14:00 Castle Age
12:13 Fletching
13:02 Gold Mining
20:20 Wheelbarrow
22:51 Arson
23:07 Squires
24:03 Hand Cart
29:25 Imperial Age
27:53 Bow Saw
28:16 Forging
28:08 Scale Mail Armor
28:48 Fortified Wall
29:03 Ballistics
28:50 Heavy Plow
29:05 Pikeman
30:03 Chain Mail Armor
30:23 Iron Casting
30:36 Conscription
31:56 Chemistry
30:57 Herbal Medicine
30:25 Gothikon
32:25 Plate Mail Armor
32:02 Scale Barding Armor
31:53 Bodkin Arrow
32:58 Vendel Legacy
33:01 Cavalier
33:41 Husbandry
33:41 Elite Varangian Guard
34:53 Halberdier
35:41 Town Watch
35:35 Elite Jarl
37:38 Two-Man Saw
36:54 Bloodlines
40:00 Blast Furnace
39:25 Chain Barding Armor
42:10 Bracer
42:11 Padded Archer Armor
42:21 Murder Holes
43:53 Caravan
45:30 Plate Barding Armor
yandjin.xyz
0:28 Loom
9:06 Feudal Age
9:45 Horse Collar
10:09 Arson
10:52 Double-Bit Axe
13:09 Gold Mining
13:33 Forging
13:26 Scale Mail Armor
12:48 Man-at-Arms
18:46 Castle Age
20:14 Bow Saw
20:27 Heavy Plow
21:32 Chain Mail Armor
22:35 Iron Casting
21:32 Long Swordsman
24:22 Gold Shaft Mining
26:18 Pikeman
26:59 Squires
32:27 Imperial Age
29:46 Town Watch
33:33 Capped Ram
34:28 Stone Mining
34:51 Murder Holes
34:38 Two-Handed Swordsman
38:45 Champion
41:06 Blast Furnace
40:37 Plate Mail Armor
pelikanecho314
0:30 Loom
4:38 Horse Collar
8:29 Feudal Age
7:31 Double-Bit Axe
14:10 Castle Age
14:00 Gold Mining
16:26 Stone Mining
18:06 Wheelbarrow
19:21 Heavy Plow
19:34 Bow Saw
19:58 Hand Cart
23:40 Two-Man Saw
26:56 Imperial Age
24:06 Pikeman
24:47 Squires
24:59 Husbandry
24:19 Cavalier
25:26 Town Watch
26:44 Scale Barding Armor
26:50 Forging
27:46 Chain Barding Armor
28:47 Conscription
28:54 Ballistics
30:04 Gold Shaft Mining
30:05 Stone Shaft Mining
29:23 Fletching
30:08 Plate Barding Armor
30:40 Burgundian Vineyards
30:03 Elite Skirmisher
30:50 Padded Archer Armor
30:17 Elite Skirmisher
31:57 Paladin
34:06 Chemistry
34:17 Chemistry
33:15 Bodkin Arrow
33:35 Leather Archer Armor
36:35 Iron Casting
38:47 Bracer
39:47 Blast Furnace
39:22 Crop Rotation
[TodEs H] Ovejita Eléctrica
4:41 Loom
6:59 Feudal Age
7:44 Horse Collar
7:56 Double-Bit Axe
13:34 Castle Age
15:03 Bow Saw
15:52 Scale Barding Armor
15:58 Forging
17:00 Marauders
17:24 Chain Barding Armor
17:41 Bloodlines
20:29 Iron Casting
25:02 Wheelbarrow
25:49 Gold Mining
27:24 Hand Cart
34:22 Imperial Age
32:40 Husbandry
33:46 Heavy Plow
35:27 Conscription
34:28 Elite Tarkan
38:03 Plate Barding Armor
38:28 Blast Furnace
39:15 Blast Furnace
40:54 Fletching
41:05 Padded Archer Armor
41:44 Bodkin Arrow
43:09 Parthian Tactics
42:08 Heavy Cavalry Archer
44:16 Chemistry
44:55 Bracer
45:11 Leather Archer Armor
45:32 Thumb Ring
46:56 Ballistics
D4RKK
2:11 Loom
9:04 Feudal Age
9:37 Stone Mining
9:30 Horse Collar
9:37 Double-Bit Axe
15:52 Castle Age
14:46 Bloodlines
15:00 Scale Barding Armor
14:59 Padded Archer Armor
18:02 Stone Shaft Mining
19:56 Bow Saw
20:54 Heavy Plow
23:00 Gold Mining
23:41 Pikeman
24:21 Squires
24:26 Scale Mail Armor
26:36 Fortified Wall
27:56 Wheelbarrow
30:52 Ballistics
30:29 Murder Holes
31:37 Chain Barding Armor
31:33 Chain Mail Armor
37:02 Imperial Age
35:25 Leather Archer Armor
35:22 Forging
35:02 Fletching
35:21 Husbandry
38:05 Elite Conquistador
40:11 Plate Barding Armor
40:56 Chemistry
39:48 Halberdier
46:10 Cavalier
O.
0:41 Loom
8:44 Feudal Age
9:14 Double-Bit Axe
9:15 Horse Collar
11:30 Stone Mining
16:18 Castle Age
18:20 Bow Saw
19:42 Gold Mining
21:01 Elite Skirmisher
22:31 Ballistics
21:52 Treadmill Crane
24:04 Fortified Wall
24:11 Heavy Plow
25:28 Wheelbarrow
29:00 Imperial Age
28:01 Gold Shaft Mining
27:39 Masonry
27:32 Caravan
28:12 Hand Cart
29:07 Thumb Ring
28:58 Fletching
30:40 Chemistry
30:03 Conscription
30:01 Scale Mail Armor
29:47 Pikeman
30:40 Forging
30:27 Murder Holes
31:04 Bodkin Arrow
30:56 Town Watch
32:56 Architecture
32:10 Halberdier
34:04 Chain Mail Armor
34:25 Iron Casting
34:14 Squires
35:58 Plate Mail Armor
37:54 Bracer
43:10 Arson
43:18 Crossbowman
46:48 Siege Engineers
Deleterio
5:35 Loom
9:27 Feudal Age
12:04 Stone Mining
12:03 Double-Bit Axe
14:07 Horse Collar
14:21 Gold Mining
17:58 Castle Age
16:46 Forging
17:32 Scale Barding Armor
18:04 Fletching
19:02 Marauders
19:16 Bow Saw
19:11 Heavy Plow
20:12 Gold Shaft Mining
20:26 Chain Barding Armor
20:41 Pikeman
22:54 Husbandry
24:36 Wheelbarrow
25:21 Bloodlines
25:18 Squires
27:06 Murder Holes
28:54 Bodkin Arrow
29:59 Padded Archer Armor
32:07 Leather Archer Armor
35:49 Hand Cart
36:24 Thumb Ring
38:57 Scale Mail Armor
41:45 Iron Casting
46:20 Imperial Age
Nick76Luo
6:42 Feudal Age
12:58 Castle Age
11:02 Double-Bit Axe
11:57 Horse Collar
13:37 Gold Mining
13:42 Stone Mining
14:35 Bow Saw
14:32 Heavy Plow
19:12 Gold Shaft Mining
21:48 Stone Shaft Mining
22:10 Fletching
22:33 Forging
22:24 Scale Mail Armor
23:05 Wheelbarrow
22:19 Town Watch
26:21 Imperial Age
25:00 Hand Cart
24:33 Loom
26:39 Stronghold
26:46 Bodkin Arrow
27:26 Iron Casting
27:07 Chain Mail Armor
26:32 Pikeman
26:58 Arson
27:40 Conscription
27:32 Halberdier
29:01 Hoardings
30:50 Blast Furnace
30:04 Furor Celtica
31:15 Plate Mail Armor
30:11 Heavy Scorpion
30:12 Capped Ram
31:12 Town Patrol
31:57 Siege Ram
33:02 Masonry
32:58 Siege Engineers
34:44 Scale Barding Armor
35:01 Ballistics
35:42 Chemistry
37:21 Chain Barding Armor
37:41 Caravan
37:52 Guilds
Connection lost

Rejoining the realm…

Still unreachable

The connection could not be restored.

Session expired

The server has moved on; the page needs a fresh start.